 Dungeon Crawl Stone Soup version 0.28-a0-1506-g3893175d92 (webtiles) character file.

Game seed: 11912880059938737797

99 croobank the Insei (level 4, -6/29 HPs)
             Began as an Octopode Transmuter on Jan 13, 2022.
             Mangled by Crazy Yiuf (11 damage)
             ... on level 3 of the Dungeon.
             The game lasted 00:07:48 (2838 turns).

croobank the Insei (Octopode Transmuter)            Turns: 2838, Time: 00:07:49

Health: -6/29      AC:  8    Str: 11    XL:     4   Next: 72%
Magic:  1/7        EV: 13    Int: 15    God:
Gold:   97         SH:  0    Dex: 12    Spells: 0/7 levels left

rFire   . . .      SeeInvis .   d - +1 short sword (protect)
rCold   . . .      Faith    .   (no shield)
rNeg    . . .      Spirit   .   (helmet currently unavailable)
rPois   .          Reflect  .   h - amulet of the acrobat
rElec   .          Harm     .   k - ring of wizardry
rCorr   .          Rampage  .   (no ring)
Will    .....                   (no ring)
Stlth   ++........              (no ring)
HPRegen 0.09/turn               (no ring)
MPRegen 0.10/turn               (no ring)
                                (no ring)
                                (no ring)

@: lethally poisoned (-6 -> -13), swift (expiring), appendages (expiring),
wereblooded, under a protective aura, very quick
A: tentacle spike 3, almost no armour, amphibious, 8 rings, camouflage 1,
gelatinous body 1, (nimble swimmer 1), tentacles
a: End Transformation


You were on level 3 of the Dungeon.
One of your tentacles had grown a beastly spike.
You visited 1 branch of the dungeon, and saw 3 of its levels.

You collected 97 gold pieces.

Inventory:

Hand Weapons
 b - a +0 spear
 d - a +1 short sword of protection (weapon)
 l - a +1 dagger of venom
Missiles
 a - 118 stones
 e - 21 sling bullets
 j - 20 bolts
 n - 14 arrows
Jewellery
 h - an amulet of the acrobat (around mantle)
 k - a ring of wizardry (left tentacle)
Scrolls
 c - 2 scrolls of teleportation {unknown}
 g - a scroll of immolation {unknown}
 i - 2 scrolls of identify {unknown}
 m - a scroll of enchant armour {unknown}
Potions
 f - a potion of heal wounds {unknown}
 o - a potion of mutation {unknown}


   Skills:
 + Level 1.7 Fighting
 + Level 0.5 Short Blades
 + Level 2.5 Dodging
 * Level 3.7 Unarmed Combat
 + Level 2.4 Spellcasting
 + Level 2.5 Transmutations
 * Level 1.0 Air Magic


You couldn't memorise any spells.
You knew the following spells:

 Your Spells              Type           Power      Damage    Failure   Level
a - Beastly Appendage     Tmut           18%        N/A       3%          1
b - Wereblood             Tmut           9%         N/A       4%          2
c - Swiftness             Air            5%         N/A       16%         3
d - Shock                 Conj/Air       12%        1d3       7%          1

Your spell library contained the following spells:

 Spells                   Type           Power      Damage    Failure   Level
 Spider Form              Tmut/Pois      5%         N/A       16%         3
 Call Canine Familiar     Summ           1%         N/A       26%         3
 Portal Projectile        Hex/Tloc       2%         N/A       26%         3
 Ice Form                 Ice/Tmut       5%         N/A       43%         4
 Airstrike                Air            2%         N/A       45%         4
 Leda's Liquefaction      Hex/Erth       0%         N/A       61%         4


Dungeon Overview and Level Annotations

Branches:
Dungeon (3/15)

Altars:

Shops:
D:1 *

Annotations:
D:3 Crazy Yiuf


Innate Abilities, Weirdness & Mutations

One of your tentacles has grown a beastly spike.
You cannot wear most types of armour.
You are amphibious.
You can wear up to eight rings at the same time.
Your skin changes colour to match your surroundings (Stealth+).
Your rubbery body absorbs attacks. (AC +1, EV +1)
((You are camouflaged when in or above water. (Stealth+)))
You have tentacles for arms and can constrict up to eight enemies at once.


Message History

The spell is quite dangerous to miscast (16% risk of failure)!
Continue anyway?
You feel quick.
Casting: Swiftness (quite dangerous; 16% risk of failure)
Confirm with . or Enter, or press ? or * to list all spells.
One of your tentacles grows a vicious spike.
Casting: Beastly Appendage (safe; 3% risk of failure)
Confirm with . or Enter, or press ? or * to list all spells.
Your blood is infused with primal strength.
Crazy Yiuf shouts!
Your transformation is almost over.
You open the door.
You start to feel a little slower.
You closely miss Crazy Yiuf. You grab Crazy Yiuf. You constrict Crazy Yiuf.
Crazy Yiuf hits you with a +2 quarterstaff of chaos!
Crazy Yiuf burns you.
You hit Crazy Yiuf.
Your weapon exudes an aura of protection.
You pierce Crazy Yiuf, but do no damage.
Crazy Yiuf is moderately wounded.
You constrict Crazy Yiuf. Crazy Yiuf barely misses you.
You hit Crazy Yiuf.
You pierce Crazy Yiuf, but do no damage.
Crazy Yiuf is heavily wounded.
You constrict Crazy Yiuf.
Crazy Yiuf says, "Castle shoe ragdoll!"
Crazy Yiuf hits you with a +2 quarterstaff of chaos.
* * * LOW HITPOINT WARNING * * *
You are lethally poisoned!
Casting: Wereblood (safe; 4% risk of failure)
Confirm with . or Enter, or press ? or * to list all spells.
Aiming: Shock (safe; 7% risk of failure)
Press: ? - help, Shift-Dir - straight line, f - Crazy Yiuf
Aim: Crazy Yiuf, wielding a +2 quarterstaff of chaos and wearing a +2 cloak of preservation (heavily wounded, constricted by you, 100% to hit)
The zap hits Crazy Yiuf.
Crazy Yiuf is severely wounded.
You constrict Crazy Yiuf.
* * * LOW HITPOINT WARNING * * *
You feel very sick.
Crazy Yiuf hits you with a +2 quarterstaff of chaos!
You die...

#....#
...>....##
##..##
###.......
♣.♣..♣
#.######
♣♣...♣ #
♣♣.♣♣ ♣♣.♣
♣.♣♣ ♣♣.♣
♣@♣♣ #g#
... #...#
#)..#
#####


You could see Crazy Yiuf.

Vanquished Creatures
  A hound (D:2)
  A gnoll (D:1)
  An adder (D:3)
  3 dart slugs (D:1)
  3 bats
  2 endoplasms (D:1)
  3 giant cockroaches
  2 hobgoblins
  4 jackals (D:2)
  4 kobolds (D:1)
  A quokka (D:1)
  8 ball pythons
  3 frilled lizards (D:1)
  5 goblins
  4 rats
45 creatures vanquished.

Notes
Turn   | Place    | Note
-------+----------+-------------------------------------------
     0 | D:1      | croobank the Octopode Transmuter began the quest for the
                  | Orb.
     0 | D:1      | Reached XP level 1. HP: 13/13 MP: 3/3
   712 | D:1      | Reached XP level 2. HP: 15/18 MP: 3/5
   896 | D:1      | Found Gosmext's General Store.
   907 | D:1      | Reached XP level 3. HP: 7/23 MP: 3/6
  1139 | D:1      | Learned a level 2 spell: Wereblood
  1660 | D:1      | Learned a level 3 spell: Swiftness
  2200 | D:2      | Reached XP level 4. HP: 28/28 MP: 5/7
  2291 | D:2      | Reached skill level 1 in Air Magic
  2612 | D:3      | Found a faded altar of an unknown god.
  2825 | D:3      | Found a runed translucent door.
  2828 | D:3      | Learned a level 1 spell: Shock
  2831 | D:3      | Noticed Crazy Yiuf
  2838 | D:3      | Mangled by Crazy Yiuf

Illustrated notes

Levels and vault maps discovered:
D:1:      dpeg_arrival_more_subterranean_lakeside_camping, layout_basic,
          serial_shops, shop, solitary_fountain, minmay_pentomino_w4
D:2:      layout_loops_cross, kennysheep_boxes
D:3:      layout_loops_ring, nicolae_ecumenical_oubliette,
          uniq_crazy_yiuf_cottage

Skill      XL: |  1  2  3  4 |
---------------+-------------+-----
Air Magic      | 1 |  1.0
Fighting       | |  1.7
Short Blades   | |  0.5
Dodging        | |  2.5
Unarmed Combat | |  3.7
Spellcasting   | |  2.4
Transmutations | |  2.5

Action                   |  1- 3 |  4- 6 || total
-------------------------+-------+-------++-------
Melee: Unarmed           |    29 |       ||    29
       Constrict         |    22 |     3 ||    25
       Tentacles         |    12 |     1 ||    13
       Kick              |    20 |     6 ||    26
       Spear             |    20 |       ||    20
       Short sword       |    22 |    13 ||    35
 Cast: Beastly Appendage |    19 |     5 ||    24
       Wereblood         |     1 |     1 ||     2
       Swiftness         |       |     2 ||     2
       Shock             |       |     1 ||     1
 Stab: Sleeping          |     6 |     2 ||     8
       Distracted        |     1 |       ||     1
Armor: Skin              |    10 |     4 ||    14
Dodge: Dodged            |    49 |     4 ||    53

Table legend: (Time is in decaauts)
 A = Elapsed time spent in this place.
 B = Non-inter-level travel time spent in this place.
 C = Inter-level travel time spent in this place.
 D = Time resting spent in this place.
 E = Time spent auto-exploring this place.
 F = Levels seen in this place.
 G = Mean time per level.
                   A        B        C        D        E       F      G
               +--------+--------+--------+--------+--------+-----+--------+
         Total |   2837 |   2795 |     42 |    625 |   1683 |   3 |  945.7 |
       Dungeon |   2837 |   2795 |     42 |    625 |   1683 |   3 |  945.7 |
               +--------+--------+--------+--------+--------+-----+--------+

Top non-repeatable levels by time:
     D:1: 1933 daAuts
     D:2: 665 daAuts
     D:3: 238 daAuts
